[Event "Team 45 45 League T92"]
[Site "Internet Chess Club"]
[Date "2022.05.19"]
[Round "6"]
[White "ghowell"]
[Black "rubo"]
[Result "1/2-1/2"]
[WhiteElo "1577"]
[BlackElo "1474"]
[Opening "Caro-Kann: classical variation"]
[ECO "B18"]
[Time "19:00:34"]
[PlyCount "107"]
[TimeControl "2700+45"]

1. e4 c6 2. d4 d5 3. Nc3 dxe4 4. Nxe4 Bf5 5. Qf3 Qd5 6. Bd3 Bxe4 7. Qxe4 Nf6 8.
Qxd5 cxd5 9. Nf3 Nc6 10. O-O e6 11. Bf4 Be7 12. c3 O-O 13. Ne5 Nxe5 14. Bxe5 Nd7
15. Bg3 Bf6 16. f4 g6 17. h3 a6 18. a4 Nb6 19. b3 Rac8 20. Be1 Rc6 21. Bd2 Rfc8
22. Rac1 Kg7 23. g4 Kg8 24. Kg2 Bg7 25. Kg3 Nd7 26. g5 Nb6 27. h4 Na8 28. h5 Nc7
29. h6 Bh8 30. Kf3 Ne8 31. Ke3 f5 32. c4 Nd6 33. cxd5 Rxc1 34. Rxc1 Rxc1 35.
Bxc1 exd5 36. Ba3 Ne4 37. Bc5 Kf7 38. Bxe4 fxe4 39. b4 Ke6 40. Bf8 Kf7 41. Bc5
Ke6 42. Bb6 Kf5 43. Bc7 Ke6 44. Be5 Bxe5 45. dxe5 b6 46. Kd4 Kf5 47. Ke3 Ke6 48.
Kf2 d4 49. Ke2 Kf5 50. Kd2 e3+ 51. Ke2 Ke6 52. Kd3 Kf5 53. Ke2 Ke6 54. Kd3 {Game
drawn by mutual agreement} 1/2-1/2

[Event "Team 45 45 League T92"]
[Site "Internet Chess Club"]
[Date "2022.05.23"]
[Round "6"]
[White "nosir"]
[Black "natalieH"]
[Result "1-0"]
[WhiteElo "1343"]
[BlackElo "1092"]
[Opening "Queen's bishop game"]
[ECO "D02"]
[Time "15:58:04"]
[PlyCount "31"]
[TimeControl "2700+45"]

1. d4 d5 2. Nf3 Nf6 3. Bf4 e6 4. e3 Bd6 5. Ne5 O-O 6. Nd2 Qe7 7. Bd3 Nbd7 8.
Ndf3 c5 9. c3 Nb6 10. O-O Ne4 11. dxc5 Nxc5 12. Bxh7+ Kh8 13. Ng5 Qf6 14. Qh5 g6
15. Bxg6+ Kg8 16. Qh7# {Black checkmated} 1-0

[Event "Team 45 45 League T92"]
[Site "Internet Chess Club"]
[Date "2022.05.23"]
[Round "6"]
[White "keithuws"]
[Black "g8wrb"]
[Result "1-0"]
[WhiteElo "1220"]
[BlackElo "1281"]
[Opening "French: classical, Steinitz variation"]
[ECO "C14"]
[Time "15:01:24"]
[PlyCount "55"]
[TimeControl "2700+45"]

1. e4 e6 2. d4 d5 3. Nc3 Nf6 4. Bg5 Be7 5. e5 Nfd7 6. Bxe7 Qxe7 7. f4 a6 8. Qd3
c5 9. Qg3 O-O 10. Nf3 cxd4 11. Nxd4 Nc6 12. O-O-O f5 13. Be2 Rf7 14. Nxe6 Qxe6
15. Nxd5 Nf8 16. Bc4 Kh8 17. Nb6 Qe8 18. Bxf7 Qxf7 19. Nxa8 Nb4 20. a3 Nd5 21.
c4 Nb4 22. axb4 Qxc4+ 23. Qc3 Qxf4+ 24. Kb1 Qe4+ 25. Qc2 Ne6 26. Nb6 h6 27. Qxe4
fxe4 28. Nxc8 {Black resigns} 1-0

[Event "Team 45 45 League T92"]
[Site "Internet Chess Club"]
[Date "2022.05.20"]
[Round "6"]
[White "rgadoury"]
[Black "kabubi"]
[Result "1-0"]
[WhiteElo "1144"]
[BlackElo "1136"]
[Opening "Queen's pawn game"]
[ECO "D00"]
[Time "18:30:17"]
[PlyCount "89"]
[TimeControl "2700+45"]

1. d4 d5 2. g3 f5 3. Bg2 Nf6 4. Nc3 g6 5. Nf3 Bg7 6. O-O O-O 7. Bf4 Nh5 8. Be5
Bxe5 9. Nxe5 e6 10. e3 Nd7 11. Nxd7 Bxd7 12. b3 Bc6 13. Re1 Qf6 14. Bf3 Ng7 15.
a4 Rad8 16. b4 b6 17. b5 Bb7 18. a5 Rd6 19. a6 Ba8 20. Na2 c6 21. bxc6 Bxc6 22.
Nb4 Bb5 23. Be2 Bxe2 24. Rxe2 Rc8 25. Ra2 Rc4 26. Qd2 Ne8 27. f4 g5 28. fxg5
Qxg5 29. Nd3 Nf6 30. Ne5 Ne4 31. Nxc4 Nxd2 32. Nxd6 Ne4 33. Nxe4 fxe4 34. Ra3
Qg4 35. Rf2 Qd1+ 36. Kg2 Qc1 37. Rc3 h5 38. Rc8+ Kg7 39. Rc7+ Kg6 40. Rxa7 Qxe3
41. Rb7 Qxd4 42. a7 Qa4 43. Rff7 Qxc2+ 44. Kh3 e3 45. a8=Q {Black resigns} 1-0

[Event "Team 45 45 League T92"]
[Site "Internet Chess Club"]
[Date "2022.05.22"]
[Round "6"]
[White "Denis240964"]
[Black "marioseixas1992"]
[Result "0-1"]
[WhiteElo "1391"]
[BlackElo "1575"]
[Opening "Sicilian: closed, 2...Nc6"]
[ECO "B23"]
[Time "14:19:20"]
[PlyCount "50"]
[TimeControl "2700+45"]

1. e4 c5 2. Nc3 Nc6 3. d3 g6 4. Be3 b6 5. f4 Nf6 6. h3 d5 7. exd5 Nxd5 8. Nxd5
Qxd5 9. Qf3 Qd6 10. Ne2 Bg7 11. Nc3 Bb7 12. Ne4 Qd7 13. O-O-O Qe6 14. b3 Nb4 15.
Kb1 a5 16. Qe2 a4 17. Bxc5 axb3 18. c3 Nxa2 19. Bd4 Bxd4 20. cxd4 Bxe4 21. Kb2
Qd6 22. Qd2 Qxd4+ 23. Kxb3 Bd5+ 24. Kc2 Qa4+ 25. Kb2 Qb3+ {White resigns} 0-1

[Event "Team 45 45 League T92"]
[Site "Internet Chess Club"]
[Date "2022.05.18"]
[Round "6"]
[White "sdcohle"]
[Black "Megasus"]
[Result "0-1"]
[WhiteElo "1354"]
[BlackElo "1552"]
[Opening "Sicilian: closed"]
[ECO "B23"]
[Time "18:30:21"]
[PlyCount "162"]
[TimeControl "2700+45"]

1. e4 c5 2. Nc3 b6 3. g3 Bb7 4. Bg2 a6 5. Nge2 e6 6. O-O Nf6 7. a4 d5 8. exd5
exd5 9. d4 Be7 10. Bg5 cxd4 11. Qxd4 Nc6 12. Qd1 Nb4 13. Re1 O-O 14. Nd4 Ne4 15.
Nxe4 Bxg5 16. Nxg5 Qxg5 17. c3 Nc6 18. Nf3 Qd8 19. Ne5 Ne7 20. Qf3 Qd6 21. Rad1
Rad8 22. Qd3 Qc7 23. Nf3 Ng6 24. Qd4 Qc5 25. Ne5 Ne7 26. Qxc5 bxc5 27. Nd3 Nf5
28. Nxc5 Bc6 29. Nxa6 Bxa4 30. Rxd5 Nd6 31. Nc5 Bc6 32. Rd4 Bxg2 33. Kxg2 Nf5
34. Rxd8 Rxd8 35. Re5 g6 36. b4 f6 37. Re2 Kf7 38. g4 Ne7 39. Re3 Nd5 40. Rf3 g5
41. Kg3 Nb6 42. Rd3 Re8 43. Re3 Rd8 44. Rd3 Re8 45. f4 h6 46. fxg5 hxg5 47. h4
gxh4+ 48. Kxh4 Kg6 49. Rd6 Nc4 50. Rd4 Ne5 51. Nd3 Nf3+ 52. Kg3 Nxd4 53. cxd4
Rd8 54. Nf4+ Kf7 55. d5 Rb8 56. Nd3 Ke7 57. Kf4 Kd6 58. Ke4 Re8+ 59. Kd4 Rg8 60.
Nf2 Rb8 61. Nd3 Rb5 62. Ke4 Rxd5 63. Nf4 Re5+ 64. Kd4 Rg5 65. b5 Rxb5 66. Nh5
Ke6 67. Ng7+ Kf7 68. Nf5 Rb4+ 69. Kd5 Kg6 70. Ne3 Kg5 71. Kc5 Rxg4 72. Nxg4 Kxg4
73. Kd4 f5 74. Ke3 Kg3 75. Ke2 f4 76. Kf1 f3 77. Kg1 Kf4 78. Kf2 Ke4 79. Ke1 Ke3
80. Kf1 f2 81. Kg2 Ke2 {White resigns} 0-1

[Event "Team 45 45 League T92"]
[Site "Internet Chess Club"]
[Date "2022.05.23"]
[Round "6"]
[White "gregorgg"]
[Black "Tjet"]
[Result "1-0"]
[WhiteElo "1392"]
[BlackElo "1278"]
[Opening "Pirc: classical (two knights) system"]
[ECO "B08"]
[Time "15:02:57"]
[PlyCount "51"]
[TimeControl "2700+45"]

1. e4 d6 2. Nf3 Nf6 3. Nc3 g6 4. d4 c6 5. Bc4 e6 6. O-O b5 7. Bb3 b4 8. e5 bxc3
9. exf6 Qxf6 10. Bg5 Qf5 11. d5 h6 12. dxe6 Bxe6 13. Qd4 Rg8 14. Bh4 Bxb3 15.
axb3 a5 16. Rfe1+ Kd7 17. Qb6 g5 18. Qb7+ Kd8 19. Qxa8 Qc8 20. Qxa5+ Qc7 21.
Qxc3 gxh4 22. Qf6+ Kc8 23. Re8+ Kb7 24. Qd4 c5 25. Qa4 Nc6 26. Qa6# {Black
checkmated} 1-0

[Event "Team 45 45 League T92"]
[Site "Internet Chess Club"]
[Date "2022.05.22"]
[Round "6"]
[White "arconia"]
[Black "rhayder"]
[Result "0-1"]
[WhiteElo "1127"]
[BlackElo "1023"]
[Opening "Caro-Kann defense"]
[ECO "B10"]
[Time "16:09:37"]
[PlyCount "80"]
[TimeControl "2700+45"]

1. e4 c6 2. Nf3 d5 3. e5 Bg4 4. d4 e6 5. Be2 c5 6. c3 Nc6 7. O-O Nge7 8. Bg5
cxd4 9. cxd4 h6 10. Bh4 Qb6 11. b3 Bxf3 12. Bxf3 Qxd4 13. Bg3 Qxa1 14. Qc2 Qd4
15. Rd1 Qb6 16. Nc3 Nd4 17. Qd3 Nxf3+ 18. Qxf3 O-O-O 19. Rc1 Kb8 20. Na4 Qa5 21.
Qxf7 Rc8 22. Rd1 Qc7 23. h3 Nf5 24. Qxe6 Nxg3 25. fxg3 Bc5+ 26. Kh2 Rhe8 27.
Qxd5 Rxe5 28. Qf3 Qc6 29. Qf4 Qf6 30. Qg4 Qe7 31. Rd7 Qg5 32. Rxb7+ Kxb7 33.
Qd7+ Kb8 34. Qb5+ Bb6 35. Qd7 Qe7 36. Qd3 Rd8 37. Qf3 Qb7 38. Qf4 Qc7 39. Qb4
Re2 40. Nc5 Qxc5 {White resigns} 0-1